 Dungeon Crawl Stone Soup version 0.29-a0-317-gd16b76e6b1 (webtiles) character file.

Game seed: 16517690258786123231

2943 motkuripss the Spear-Bearer (level 9, 0/72 HPs)
             Began as a Merfolk Gladiator on Mar 31, 2022.
             Killed by divine providence
             ... invoked by an orc priest
              (16 damage)
             ... on level 7 of the Dungeon.
             The game lasted 00:19:35 (7384 turns).

motkuripss the Spear-Bearer (Merfolk Gladiator)     Turns: 7384, Time: 00:19:36

Health: 0/72       AC: 15    Str: 16    XL:     9   Next: 80%
Magic:  9/9        EV: 13    Int:  8    God:
Gold:   366        SH:  0    Dex: 17    Spells: 8/8 levels left

rFire   . . .      SeeInvis .   a - +0 trident
rCold   . . .      Faith    .   (no shield)
rNeg    . . .      Spirit   .   q - +3 scale mail
rPois   .          Reflect  .   h - +0 helmet
rElec   .          Harm     .   f - +0 cloak
rCorr   .          Rampage  .   t - +2 pair of gloves
Will    .....                   (no boots)
Stlth   ..........              (no amulet)
HPRegen 0.22/turn               (no ring)
MPRegen 0.11/turn               (no ring)

@: no status effects
A: (nimble swimmer 2), mertail
a: no special abilities


You were on level 7 of the Dungeon.
You visited 1 branch of the dungeon, and saw 7 of its levels.
You also visited: Ossuary.

You collected 366 gold pieces.

Inventory:

Hand Weapons
 a - a +0 trident (weapon)
 u - the +9 long sword "Yrchaloef" {flame, Int+5}
   (You found it on level 3 of the Dungeon)

   It burns those it strikes, dealing additional fire damage.
   Big, fiery blades are also staple armaments of hydra-hunters.
   Int:       It affects your intelligence (+5).
Missiles
 d - 4 throwing nets (quivered)
 e - 6 javelins
 i - 4 boomerangs
 j - 2 silver javelins
Armour
 b - a +0 leather armour
 f - a +0 cloak (worn)
 h - a +0 helmet (worn)
 q - a +3 scale mail (worn)
 t - a +2 pair of gloves (worn)
 x - +0 ice dragon scales
 H - +0 steam dragon scales
Wands
 l - a wand of paralysis (10)
 F - a wand of acid (7)
Scrolls
 c - 3 scrolls of fear {unknown}
 g - 2 scrolls of enchant armour {unknown}
 k - 3 scrolls of teleportation
 o - 2 scrolls of amnesia {unknown}
 p - 5 scrolls of magic mapping {unknown}
 r - a scroll of silence {unknown}
 w - a scroll of enchant weapon {unknown}
 y - 3 scrolls of immolation
 z - a scroll of brand weapon {unknown}
Potions
 m - 2 potions of lignification
 n - 7 potions of heal wounds
 s - 4 potions of curing
 v - a potion of degeneration {unknown}
 A - 2 potions of resistance {unknown}
 C - 3 potions of ambrosia
 D - 2 potions of invisibility {unknown}
 E - a potion of haste {unknown}
 G - a potion of cancellation {unknown}
 I - a potion of berserk rage {unknown}
 J - a potion of might {unknown}
 K - a potion of brilliance {unknown}


   Skills:
 + Level 7.2 Fighting
 * Level 12.3 Polearms
 - Level 2.2 Throwing
 + Level 2.9 Armour
 + Level 8.7 Dodging
 - Level 0.4 Stealth


You had 8 spell levels left.
You didn't know any spells.
Your spell library contained the following spells:

 Spells                   Type           Power      Damage    Failure   Level
 Freeze                   Ice            0%         1d3       83%         1
 Frozen Ramparts          Ice            0%         1d2       99%         3
 Animate Dead             Necr           0%         N/A       100%        4
 Hailstorm                Conj/Ice       0%         3d3       100%        4
 Haunt                    Necr/Summ      0%         N/A       100%        7
 Infestation              Necr           0%         N/A       100%        8


Dungeon Overview and Level Annotations

Branches:
Dungeon (7/15)            Ossuary (visited)
 Temple: D:4-7

Altars:
Fedhas
Gozag
Uskayaw

Annotations:
D:6 exclusion: downstairs


Innate Abilities, Weirdness & Mutations

((You are very nimble when in or above water. (Stealth+, EV+, Speed+++)))
Your lower body shifts to a powerful aquatic tail in water.


Message History

The orc warrior hits you with a +0 mace.
You hit the orc warrior.
The orc warrior is almost dead.
The orc warrior hits you but does no damage.
The orc priest mumbles some strange prayers to Beogh against you.
Beogh smites you!
You hit the orc warrior but do no damage.
The orc warrior is almost dead.
You closely miss the orc warrior.
The orc warrior is almost dead.
The orc warrior hits you but does no damage.
The orc priest calls down the wrath of Beogh upon you.
Beogh smites you!
* * * LOW HITPOINT WARNING * * *
You hit the orc warrior but do no damage.
The orc warrior is almost dead.
The orc warrior misses you.
You hit the orc warrior.
You kill the orc warrior!
Reach: a) +0 trident
Press: ? - help, Dir - move target, f - orc priest
Aim: an orc priest, wielding a +0 club (purple smoke, about 32% to evade your +0 trident)
You reach to attack!
You completely miss the orc priest. You barely miss the orc priest.
The orc priest looks satisfied for a moment.
You hit the orc priest.
The orc priest is moderately wounded.
You puncture the orc priest!
The orc priest is almost dead.
The orc priest mumbles some strange prayers to Beogh against you.
You struggle to resist.
You hit the orc priest.
The orc priest is almost dead.
The orc priest looks braver for a moment.
The orc priest barely misses you.
You barely miss the orc priest.
The orc priest is almost dead.
The orc priest invokes the aid of Beogh against you.
Beogh smites you!
You die...

.............######.#
....)...............#
.....#...o..######..#
##########o.#.#..#..#
#..#.#.....#
#..#.#.....#
#..#....#..#
#.o######§##
#...§oo@§§#
###########


You could see 2 orc priests.

Vanquished Creatures
  A steam dragon (D:7)
  2 water moccasins (D:7)
  2 ice beasts
  An orc warrior (D:7)
  2 sky beasts (D:6)
  2 black bears
  An ogre (D:5)
  3 phantoms
  Blork the orc (D:4)
  A kobold brigand (D:7)
  A necrophage (D:5)
  A bullfrog (D:7)
  5 scorpions
  4 wights
  2 howler monkeys
  4 hounds
  5 human zombies (Ossuary)
  4 orc priests
  5 orc wizards
  4 mummies
  10 adders
  3 gnolls (D:4)
  A white imp (D:5)
  An ufetubus (D:4)
  An adder zombie (Ossuary)
  A worm (D:2)
  A dart slug (D:5)
  12 orcs
  6 bats
  2 bat zombies (D:7)
  10 endoplasms
  4 giant cockroaches
  5 goblins
  7 hobgoblins
  4 jackals (D:3)
  8 kobolds
  A quokka (D:1)
  9 ball pythons
  A frilled lizard (D:2)
  14 hobgoblin zombies
  13 kobold zombies
  9 orc zombies (Ossuary)
  8 rats
  A rat zombie (Ossuary)
183 creatures vanquished.

Vanquished Creatures (others)
  2 kobolds (D:7)
2 creatures vanquished.

Grand Total: 185 creatures vanquished

Notes
Turn   | Place    | Note
-------+----------+-------------------------------------------
     0 | D:1      | motkuripss the Merfolk Gladiator began the quest for the
                  | Orb.
     0 | D:1      | Reached XP level 1. HP: 16/16 MP: 1/1
   108 | D:1      | Reached XP level 2. HP: 19/23 MP: 2/2
   200 | D:1      | Found a faded altar of an unknown god.
   669 | D:2      | Reached XP level 3. HP: 28/28 MP: 3/3
   921 | D:2      | Reached skill level 5 in Polearms
  1097 | D:2      | Found an opulent altar of Gozag.
  1573 | D:2      | Reached XP level 4. HP: 35/35 MP: 4/4
  1867 | D:3      | You fall into a shaft and drop 1 floor!
  1999 | D:4      | Reached skill level 6 in Polearms
  2008 | D:4      | Reached XP level 5. HP: 41/41 MP: 5/5
  2055 | D:4      | Noticed Blork the orc
  2326 | D:3      | Identified the +9 long sword "Yrchaloef" {flame, Int+5}
  2787 | D:4      | Reached XP level 6. HP: 47/48 MP: 6/6
  2867 | D:4      | Killed Blork the orc
  2868 | D:4      | Reached skill level 7 in Polearms
  3163 | D:4      | Reached skill level 5 in Dodging
  3319 | D:5      | Entered Level 5 of the Dungeon
  3392 | D:5      | Noticed a black bear
  3404 | D:5      | Reached XP level 7. HP: 51/55 MP: 7/7
  3413 | D:5      | Reached skill level 8 in Polearms
  3730 | D:5      | Reached skill level 5 in Fighting
  3802 | D:5      | Reached skill level 9 in Polearms
  3841 | D:5      | Reached XP level 8. HP: 62/62 MP: 8/8
  4588 | D:6      | Found a sand-covered staircase.
  4606 | Ossuary  | Entered an ossuary
  4840 | Ossuary  | Reached skill level 10 in Polearms
  5122 | D:6      | Found a hide-covered altar of Uskayaw.
  5144 | D:6      | Found a blossoming altar of Fedhas.
  5233 | D:6      | Reached skill level 1 in Armour
  5795 | D:6      | Reached XP level 9. HP: 70/70 MP: 9/9
  5850 | D:6      | Reached skill level 11 in Polearms
  6990 | D:6      | Reached skill level 12 in Polearms
  7384 | D:7      | Killed from afar by an orc priest

Illustrated notes

Levels and vault maps discovered:
D:1:      nicolae_arrival_memento_mori, layout_rooms,
          ebering_ecumenical_altar_rust
D:2:      layout_loops_corners, basic_altar, st_stairs_6,
          kennysheep_generic_room_5
D:3:      layout_loops_ring, dk_noncrumbling_4, hangedman_decor_clover_reticule
D:4:      layout_rooms, uniq_blork_the_orc
D:5:      layout_rooms
D:6:      layout_basic, mainiacjoe_overflow_large_starburst,
          nicolae_ossuary_entry_giza
D:7:      layout_rooms, lemuel_zombie_altar_kikubaaqudgha,
          minmay_temple_entry_antechambers, minmay_mini_ossuary

Skill      XL: |  1  2  3  4  5  6  7  8  9 |
---------------+----------------------------+-----
Polearms       | 5 6 7 9 10 12 | 12.3
Fighting       | 3 4 5 6 7 |  7.2
Dodging        | 5 6 7 8 |  8.7
Armour         | 1 2 |  2.9
Throwing       | |  2.2
Stealth        | |  0.4

Action                   |  1- 3 |  4- 6 |  7- 9 || total
-------------------------+-------+-------+-------++-------
Melee: Trident           |    86 |   190 |   638 ||   914
       Punch             |       |     3 |     8 ||    11
Throw: Throwing net      |       |       |     4 ||     4
Evoke: Wand              |       |       |     1 ||     1
  Use: Scroll            |       |       |     8 ||     8
       Potion            |       |       |     1 ||     1
 Stab: Sleeping          |     6 |     6 |       ||    12
Armor: Leather armour    |    12 |    22 |       ||    34
       Scale mail        |       |    63 |   250 ||   313
Dodge: Dodged            |    41 |    91 |   291 ||   423

Table legend: (Time is in decaauts)
 A = Elapsed time spent in this place.
 B = Non-inter-level travel time spent in this place.
 C = Inter-level travel time spent in this place.
 D = Time resting spent in this place.
 E = Time spent auto-exploring this place.
 F = Levels seen in this place.
 G = Mean time per level.
                   A        B        C        D        E       F      G
               +--------+--------+--------+--------+--------+-----+--------+
         Total |   7254 |   7010 |    244 |    510 |   4702 |   8 |  906.8 |
       Dungeon |   6826 |   6582 |    244 |    469 |   4518 |   7 |  975.1 |
       Ossuary |    427 |    427 |      0 |     41 |    184 |   1 |  427.0 |
               +--------+--------+--------+--------+--------+-----+--------+

Top non-repeatable levels by time:
     D:6: 1573 daAuts
     D:4: 1108 daAuts
     D:2: 1014 daAuts
     D:3: 931 daAuts
     D:7: 827 daAuts
     D:5: 747 daAuts
     D:1: 624 daAuts
 Ossuary: 427 daAuts
